 Dungeon Crawl Stone Soup version 0.20.1-1-g8b1a95d (webtiles) character file.

29 Lanoc the Shield-Bearer (level 3, -3/29 HPs)
             Began as a Formicid Fighter on Dec 6, 2017.
             Was an Initiate of Okawaru.
             Slain by Sigmund
             ... wielding a +0 scythe
              (11 damage)
             ... on level 2 of the Dungeon.
             The game lasted 00:03:55 (877 turns).

Lanoc the Shield-Bearer (Formicid Fighter)           Turns: 877, Time: 00:03:55

Health: -3/29      AC:  8    Str: 20    XL:     3   Next: 32%
Magic:  3/3        EV:  8    Int:  7    God:    Okawaru [......]
Gold:   100        SH:  9    Dex: 11    Spells: 2/2 levels left

rFire    . . .     SeeInvis +   a - +0 quarterstaff
rCold    . . .     Gourm    .   c - +0 shield
rNeg     . . .     Faith    .   b - +0 scale mail
rPois    .         Spirit   .   (helmet unavailable)
rElec    .         Reflect  .   (no cloak)
rCorr    .         Harm     .   q - +0 pair of gloves
MR       .....                  (no boots)
Stlth    ..........             (no amulet)
Regen    0.1/turn               (no ring)
MPRegen  0.1/turn               (no ring)

@: no status effects
A: permanent stasis, dig shafts and tunnels, four strong arms, antennae 3
a: Dig, Shaft Self, Renounce Religion


You were on level 2 of the Dungeon.
You worshipped Okawaru.
Okawaru was noncommittal.
You were not hungry.

You visited 1 branch of the dungeon, and saw 2 of its levels.

You collected 100 gold pieces.

Inventory:

Hand Weapons
 a - a +0 quarterstaff (weapon)
Armour
 b - a +0 scale mail (worn)
 c - a +0 shield (worn)
 q - a +0 pair of gloves (worn)
Scrolls
 h - a scroll of random uselessness {unknown}
 k - a scroll of teleportation {unknown}
 m - 2 scrolls of noise {unknown}
 p - a scroll of fog {unknown}
 r - a scroll of remove curse {unknown}
 s - 2 scrolls of recharging {unknown}
Potions
 d - a potion of might
 e - 3 potions of curing {unknown}
 g - a potion of mutation {unknown}
 j - a potion of ambrosia {unknown}
 l - 3 potions of haste {unknown}
 o - a potion of invisibility {unknown}
Comestibles
 f - 3 bread rations
 i - 4 chunks of flesh
 n - 2 fruits


   Skills:
 + Level 3.5 Fighting
 + Level 2.1 Staves
 + Level 3.7 Armour
 + Level 0.6 Dodging
 + Level 4.1 Shields
 + Level 0.0 Invocations


You had 2 spell levels left.
You didn't know any spells.

Dungeon Overview and Level Annotations

Branches:
Dungeon (2/15)

Altars:
Okawaru

Annotations:
D:2 Sigmund


Innate Abilities, Weirdness & Mutations

You cannot be hasted, slowed, berserked, paralysed or teleported.
You can dig through walls and to a lower floor.
Your four strong arms can wield two-handed weapons with a shield.
You have a pair of large antennae on your head. (SInv)


Message History

Sigmund hits you but does no damage.
Sigmund hits you from afar with a scythe.
You bump into the rock wall.
You bump into the rock wall.
You feel less confused. You block Sigmund's attack.
Sigmund casts a spell at you. The puff of flame hits you!
You hit Sigmund but do no damage.
Sigmund is lightly wounded.
Sigmund casts a spell.
Sigmund flickers and vanishes for a moment.
You thump Sigmund!
Sigmund is moderately wounded.
Sigmund hits you with a scythe!
* * * LOW HITPOINT WARNING * * *
You sock Sigmund!
Sigmund is severely wounded.
Sigmund hits you with a scythe!
You die...

#..## #......
#.## #.##### .#
#.# ..#### ..#
#.## ...... ...
#..# ## ##.###
#.##..## .. {
###....(.##.##
.......?......# .
##...#...@###....
. #.......@# #
..$..(.#.[..#
.##....##.#.#
#.... #....#
#..>. ###$..#
#### ....# .....
# ...$. #


You could see Sigmund (invisible).

Vanquished Creatures
  A dart slug (D:1)
  A leopard gecko (D:1)
  5 bats
  2 giant cockroaches (D:1)
  2 frilled lizards
  6 goblins
  5 kobolds
  3 rats
25 creatures vanquished.

Notes
Turn   | Place    | Note
-------+----------+-------------------------------------------
     0 | D:1      | Lanoc the Formicid Fighter began the quest for the Orb.
     0 | D:1      | Reached XP level 1. HP: 18/18 MP: 1/1
   127 | D:1      | Reached XP level 2. HP: 22/24 MP: 2/2
   499 | D:1      | Reached skill level 4 in Shields
   626 | D:1      | Reached XP level 3. HP: 29/29 MP: 3/3
   816 | D:2      | Found an iron altar of Okawaru.
   837 | D:2      | Became a worshipper of Warmaster Okawaru
   862 | D:2      | Noticed Sigmund
   877 | D:2      | Slain by Sigmund

Skill      XL: |  1  2 |
---------------+-------+-----
Shields        | 4 |  4.1
Fighting       | |  3.5
Staves         | |  2.1
Armour         | |  3.7
Dodging        | |  0.6

Action                   || total
-------------------------++-------
Melee: Quarterstaff      ||    77
Armor: Scale mail        ||    37
Dodge: Dodged            ||    30
Block: Shield            ||    36
